Map: [ESL] Royal Blood

Players

Reynor

  • Race: Zerg Zerg
  • Spawn Location: 7:00

ByuN - Winner!

  • Race: Terran Terran
  • Spawn Location: 1:00

Event: ESL SC2 Masters 2023 Summer (Finals)

VOD

Have the link to the VOD?

Description

Time

  • Played on: June 18, 2023, 8:59 a.m.
  • Length: 22:01

All games in this series

Show
View Real Time Build Order
Export as new Build Order

Reynor Zerg 

Build Orders: Pool First 

Get SALT Encoding   

  12  0:00  Drone  
  13  0:11  Overlord  
  13  0:16  Drone  
  14  0:30  Drone x2  
  14  0:33  Drone  
  17  0:43  Extractor  
  17  0:44  Drone  
  17  0:49  Spawning Pool  
  16  0:55  Drone  
  17  1:05  Drone  
  18  1:17  Hatchery  
  17  1:21  Drone  
  18  1:30  Drone  
  19  1:36  Queen  
  21  1:44  Metabolic Boost  
  21  1:49  Overlord  
  21  1:53  Zergling x2  
  22  1:59  Extractor  
  22  2:00  Zergling x2  
  23  2:11  Drone, Queen  
  26  2:22  Drone  
  27  2:29  Zergling x2  
  28  2:30  Queen  
  28  2:32  Drone  
  31  2:40  Zergling x2  
  31  2:42  Overlord  
  32  2:45  Drone x2  
  35  2:51  Zergling x2  
  35  2:55  Drone  
  36  3:01  Drone  
  37  3:06  Hatchery  
  37  3:09  Drone  
  37  3:13  Drone  
  37  3:16  Overlord  
  38  3:20  Drone x2  
  38  3:21  Drone  
  38  3:22  Drone  
  38  3:25  Drone  
  38  3:27  Drone  
  44  3:34  Queen  
  44  3:35  Drone  
  44  3:37  Drone  
  48  3:42  Drone x2  
  50  3:49  Drone x2  
  50  3:54  Zergling x2  
  51  3:56  Zergling x4  
  51  4:01  Overlord  
  52  4:06  Overlord  
  52  4:17  Queen x2  
  52  4:18  Zergling x4  
  52  4:20  Overlord  
  52  4:21  Zergling x6  
  52  4:24  Queen  
  63  4:31  Zergling x4  
  63  4:34  Drone x2  
  66  4:40  Drone  
  66  4:41  Drone x2  
  66  4:42  Drone, Evolution Chamber  
  66  4:43  Evolution Chamber  
  66  4:45  Zergling x2  
  69  4:47  Zergling x2  
  69  4:50  Drone  
  71  4:53  Queen x2, Drone  
  71  4:57  Overlord  
  76  5:03  Drone  
  76  5:05  Overlord  
  76  5:06  Drone x3  
  80  5:09  Drone  
  80  5:11  Zerg Ground Armor Level 1  
  81  5:17  Zerg Melee Weapons Level 1  
  81  5:18  Drone x3  
  83  5:21  Extractor  
  83  5:25  Drone  
  83  5:30  Lair  
  83  5:33  Drone, Baneling Nest  
  83  5:34  Drone  
  83  5:35  Drone x3  
  87  5:36  Spore Crawler  
  87  5:37  Drone x2  
  87  5:38  Spore Crawler  
  87  5:39  Zergling x4  
  87  5:40  Zergling x2  
  90  5:43  Overlord  
  90  5:53  Spore Crawler, Zergling x2  
  90  5:56  Zergling x4  
  92  6:01  Hatchery  
  92  6:02  Drone x3  
  92  6:03  Drone  
  95  6:04  Zergling x8  
  95  6:07  Overlord  
  99  6:12  Extractor  
  99  6:13  Zergling x4  
  99  6:15  Zergling x2  
  99  6:16  Overlord  
  99  6:18  Baneling x8  
  101  6:24  Overlord  
  101  6:26  Zergling x4  
  101  6:31  Zergling x2  
  101  6:32  Zergling x2  
  105  6:33  Overlord  
  105  6:34  Overlord  
  105  6:38  Hatchery  
  104  6:43  Zergling x12  
  104  6:50  Drone x3  
  104  6:53  Centrifugal Hooks  
  102  6:57  Zergling x4  
  102  7:01  Zergling x6  
  104  7:02  Zergling x4  
  104  7:06  Zergling x2  
  104  7:08  Zergling x6  
  108  7:12  Baneling  
  108  7:13  Baneling x9, Zergling x2  
  108  7:15  Queen  
  111  7:17  Zergling x10  
  116  7:26  Zergling x4  
  116  7:29  Zergling x8  
  122  7:31  Overlord  
  122  7:32  Drone x2  
  117  7:38  Zergling x2  
  117  7:39  Zergling x8  
  117  7:41  Zergling x4  
  117  7:42  Baneling x9  
  115  7:44  Zergling x6  
  115  7:45  Drone  
  115  7:50  Queen  
  119  7:51  Drone x4  
  119  7:56  Baneling x5  
  119  7:58  Zergling x6  
  123  8:00  Overlord  
  123  8:01  Overlord  
  122  8:06  Overlord  
  122  8:10  Overlord  
  122  8:16  Overlord x2  
  122  8:19  Extractor  
  121  8:21  Drone x4  
  121  8:22  Drone x3  
  121  8:24  Zerg Ground Armor Level 2  
  121  8:25  Zergling x2  
  121  8:26  Zergling x4  
  131  8:28  Zergling x6  
  131  8:29  Zergling x2  
  131  8:32  Zergling x2  
  136  8:38  Zergling x2  
  136  8:39  Spore Crawler  
  132  8:42  Zergling x8  
  132  8:44  Extractor  
  128  8:50  Zergling x10  
  118  8:59  Zergling x10  
  118  9:00  Zerg Melee Weapons Level 2  
  119  9:10  Burrow  
  119  9:11  Zergling x2  
  120  9:17  Hatchery  
  120  9:19  Zergling x12  
  124  9:26  Zergling x6  
  124  9:27  Zergling x2  
  124  9:28  Baneling  
  124  9:29  Baneling x7  
  124  9:30  Zergling x6  
  131  9:36  Zergling x2  
  131  9:37  Zergling x6  
  135  9:39  Zergling x4  
  135  9:43  Zergling x6  
  139  9:47  Baneling  
  139  9:48  Baneling x6  
  139  9:51  Zergling x6  
  142  9:54  Zergling x6  
  133  10:03  Zergling x6  
  133  10:06  Zergling x6  
  136  10:09  Overseer  
  136  10:11  Zergling x6  
  139  10:16  Zergling x6  
  142  10:21  Baneling x8  
  142  10:24  Drone x2  
  142  10:25  Hatchery  
  142  10:26  Drone  
  144  10:30  Drone  
  144  10:34  Drone x3  
  147  10:39  Zergling x12  
  153  10:45  Zergling x8  
  153  10:48  Baneling x9  
  153  10:49  Baneling x2  
  157  10:50  Drone  
  157  10:51  Drone  
  157  10:54  Drone x2  
  160  10:57  Overlord  
  160  11:00  Overlord  
  159  11:05  Extractor  
  159  11:09  Hydralisk Den  
  157  11:13  Drone  
  157  11:14  Zergling x6  
  159  11:22  Zergling x16  
  159  11:23  Hatchery  
  166  11:27  Zergling x10  
  166  11:29  Overlord  
  171  11:34  Baneling x11  
  171  11:36  Zergling x2  
  169  11:51  Drone  
  169  11:52  Drone x3  
  173  11:55  Extractor  
  172  12:02  Hydralisk x5, Muscular Augments  
  172  12:07  Hydralisk  
  183  12:10  Zergling x6  
  183  12:11  Overlord  
  183  12:12  Overlord x2  
  181  12:21  Hydralisk x3  
  182  12:26  Overlord  
  178  12:31  Hydralisk x3  
  183  12:43  Hydralisk x3  
  188  12:45  Drone x5  
  188  12:49  Zergling x8  
  197  12:53  Zergling x4  
  199  13:07  Infestation Pit  
  199  13:09  Overseer  
  199  13:10  Pneumatized Carapace  
  199  13:12  Baneling x2  
  197  13:13  Zergling x4  
  197  13:17  Zergling x2  
  197  13:18  Zergling x16  
  189  13:30  Hydralisk x2  
  189  13:31  Zergling x8  
  189  13:32  Hydralisk, Zergling x4  
  179  13:40  Hydralisk x2  
  178  13:45  Zergling x6  
  171  13:50  Hydralisk x2  
  171  13:51  Zergling x14  
  171  13:52  Zergling x6  
  171  13:55  Zergling x2  
  186  13:56  Baneling x3  
  186  13:59  Zergling x6  
  186  14:02  Lurker Den  
  187  14:03  Zergling x8  
  187  14:04  Hatchery  
  187  14:14  Zergling x6  
  187  14:15  Hydralisk  
  178  14:21  Hive  
  177  14:26  Zergling x2  
  177  14:27  Zergling x6  
  177  14:28  Baneling  
  177  14:29  Baneling  
  177  14:30  Baneling x13  
  181  14:34  Drone x3, Hatchery  
  181  14:35  Drone  
  181  14:36  Extractor, Zergling x4  
  181  14:37  Extractor  
  184  14:42  Zergling x2  
  184  14:47  Zergling x6  
  184  14:52  Zergling x8  
  184  14:56  Hydralisk  
  184  14:57  Zergling x2  
  180  15:02  Hydralisk x2  
  180  15:03  Zergling x10  
  180  15:06  Zergling x4  
  173  15:07  Queen  
  173  15:13  Hydralisk, Zergling x4  
  173  15:14  Zergling x4  
  176  15:18  Zergling x2  
  172  15:24  Lurker x7  
  172  15:26  Zergling x12  
  185  15:30  Lurker  
  185  15:33  Zergling x12  
  185  15:35  Zergling x4  
  194  15:39  Baneling  
  194  15:40  Baneling x5, Zergling x4  
  189  16:01  Seismic Spines  
  188  16:05  Lurker  
  188  16:06  Lurker  
  188  16:07  Drone x4, Hatchery  
  188  16:10  Spore Crawler, Zergling x12  
  188  16:11  Zergling x4  
  199  16:22  Zergling x8  
  190  16:37  Hydralisk x2  
  190  16:38  Zergling x22  
  176  16:47  Overseer  
  176  17:01  Hydralisk x7  
  165  17:07  Zergling x6  
  158  17:23  Hydralisk x4  
  158  17:24  Zergling x2  
  159  17:38  Lurker  
  159  17:39  Lurker x7  
  167  18:02  Lurker x3  
  169  18:11  Lurker  
  170  18:24  Hatchery  
  167  18:33  Adaptive Talons  
  167  18:34  Zergling x28  
  167  18:37  Lurker x2  
  182  18:51  Overseer  
  179  18:57  Lurker x2  
  179  18:58  Lurker  
  179  18:59  Zergling x10  
  186  19:14  Zergling x12  
  186  19:28  Zergling x12  
  178  19:41  Zergling x2  
  178  19:42  Zergling x10  
  165  19:48  Hydralisk  
  165  19:49  Zergling x2  
  127  19:53  Hydralisk  
  127  19:54  Zergling x2  
  127  19:58  Hydralisk  
  118  20:06  Hydralisk x2  
  121  20:18  Lurker  
  121  20:20  Lurker  
  123  20:24  Hydralisk x3, Lurker  
  130  20:32  Lurker x2  
  130  20:34  Zergling x8  
  130  20:35  Zergling x2  
  136  20:43  Hydralisk x2  
  140  20:50  Hydralisk, Lurker x3  
  140  20:51  Zergling x2  
  140  20:53  Zergling x6  
  149  21:01  Hydralisk x2, Zergling x4  
  152  21:04  Hydralisk  
  152  21:08  Hydralisk  
  152  21:09  Hydralisk  
  158  21:18  Zergling x14  
  165  21:25  Hydralisk x2  
  145  21:26  Zergling x4  
  145  21:28  Zergling x2  
  145  21:30  Lurker  
  143  21:35  Hydralisk  
  137  21:40  Zergling x16  
  137  21:43  Baneling x3, Lurker  
Show
View Real Time Build Order
Export as new Build Order

ByuN Terran - Winner!

Build Orders:  

Get SALT Encoding   

  12  0:00  SCV  
  13  0:12  SCV  
  14  0:17  Supply Depot  
  14  0:24  SCV  
  15  0:39  SCV  
  15  0:40  Barracks  
  16  0:43  Refinery  
  16  0:51  SCV  
  17  0:58  Barracks  
  17  1:03  SCV  
  18  1:15  SCV  
  19  1:18  Barracks  
  19  1:26  Reaper  
  20  1:35  Orbital Command  
  20  1:42  Refinery  
  20  1:45  Reaper  
  21  1:55  Supply Depot  
  21  2:01  SCV  
  21  2:02  Reaper  
  23  2:16  SCV, Reaper  
  25  2:24  Supply Depot  
  25  2:25  Reaper  
  25  2:29  SCV  
  27  2:36  Reaper  
  28  2:41  SCV  
  29  2:49  Command Center  
  29  2:51  Reaper  
  30  2:54  SCV  
  32  2:58  Reaper  
  32  3:03  Supply Depot  
  32  3:08  Reaper  
  32  3:09  SCV  
  34  3:23  Barracks Tech Lab  
  34  3:24  SCV  
  35  3:32  Barracks Reactor  
  35  3:37  SCV  
  36  3:45  Barracks Reactor  
  36  3:47  Stimpack, Marine  
  37  3:50  SCV  
  38  4:02  SCV  
  39  4:05  Orbital Command, Factory  
  39  4:07  Marine  
  39  4:09  Refinery  
  40  4:11  Marine x2  
  40  4:14  SCV  
  43  4:17  Engineering Bay  
  43  4:25  Marine x2  
  43  4:26  SCV  
  43  4:27  Marine  
  43  4:31  SCV  
  49  4:39  SCV  
  49  4:43  Terran Infantry Weapons Level 1, SCV  
  51  4:50  Starport  
  51  4:51  SCV, Factory Reactor  
  51  4:55  SCV  
  51  4:57  Marine x2  
  51  4:58  Marine x3  
  57  5:02  Supply Depot  
  57  5:03  SCV  
  58  5:07  SCV  
  58  5:14  Supply Depot  
  59  5:15  SCV  
  59  5:18  Marine  
  59  5:19  Marine  
  62  5:24  Marine, SCV  
  62  5:27  SCV, Combat Shield  
  65  5:32  Supply Depot  
  65  5:35  Factory Tech Lab  
  65  5:36  SCV, Medivac x2  
  65  5:39  SCV  
  71  5:43  Refinery, Supply Depot  
  71  5:44  Marine x3  
  71  5:46  Marine  
  71  5:48  Marine  
  77  5:54  SCV x2  
  78  5:58  Siege Tank  
  81  6:05  Marine x3  
  81  6:06  SCV x2  
  81  6:08  Marine  
  81  6:10  Marine  
  88  6:19  Medivac  
  92  6:28  Supply Depot  
  92  6:30  Siege Tank, Supply Depot  
  93  6:33  Marine  
  93  6:37  Terran Infantry Armor Level 1  
  94  6:45  Marine  
  94  6:46  Marine x3  
  91  6:51  Marine  
  83  7:02  Marine, Siege Tank  
  83  7:04  Marine x3  
  83  7:06  Liberator x2  
  93  7:09  Marine  
  92  7:15  Command Center  
  92  7:20  Marine, Supply Depot  
  92  7:22  Marine x3  
  96  7:26  SCV  
  96  7:27  SCV, Marine  
  99  7:38  Marine  
  99  7:39  Marine x2  
  99  7:40  Marine  
  103  7:45  Marine  
  103  7:50  Barracks x2  
  104  7:51  Medivac  
  104  7:54  Medivac, Siege Tank  
  104  7:56  Marine, SCV x2  
  104  7:57  Marine x2  
  116  8:04  Marine x2  
  118  8:27  Marine x4  
  118  8:29  Marine  
  118  8:34  Orbital Command, Siege Tank  
  126  8:38  Barracks Reactor  
  123  8:42  Barracks Reactor  
  123  8:44  Marine x4  
  123  8:47  Marine  
  117  8:57  Medivac x2  
  117  9:01  SCV x2  
  117  9:02  Engineering Bay, Marine x4  
  123  9:03  Armory  
  123  9:05  Marine  
  128  9:13  Orbital Command  
  128  9:16  SCV x2  
  130  9:19  Marine x4  
  130  9:20  Marine x2  
  133  9:26  Supply Depot  
  133  9:31  Supply Depot  
  133  9:37  Supply Depot  
  133  9:39  Supply Depot  
  133  9:43  Supply Depot  
  133  9:44  Supply Depot  
  133  9:48  Marine x5, SCV x2  
  129  10:00  SCV x2, Supply Depot  
  129  10:03  Marine  
  129  10:04  Marauder, Marine  
  129  10:05  Marine  
  129  10:06  Marauder  
  131  10:08  Widow Mine x2  
  135  10:24  Command Center  
  135  10:26  Terran Infantry Weapons Level 2, Terran Infantry Armor Level 2  
  134  10:37  Widow Mine x2  
  134  10:41  Marauder x2, Marine x5  
  134  10:42  Marine  
  137  10:58  Marine  
  137  11:00  Barracks, SCV x3  
  137  11:02  Barracks  
  137  11:03  Barracks  
  141  11:05  Marauder x2  
  141  11:06  Marine x2  
  141  11:07  Marine  
  141  11:08  Marine  
  141  11:09  Marine  
  150  11:21  Medivac x2  
  150  11:23  Widow Mine x2  
  158  11:25  Concussive Shells  
  158  11:28  Supply Depot  
  158  11:31  Supply Depot  
  158  11:39  Marauder x2  
  162  11:42  Marine x4  
  162  11:45  Marine x2  
  162  11:46  Widow Mine x2  
  172  11:49  Barracks Reactor, Barracks Tech Lab  
  172  11:50  Barracks Tech Lab  
  172  11:59  SCV x3  
  175  12:07  Widow Mine  
  175  12:08  Widow Mine  
  171  12:12  Marine x5, Marauder x2  
  171  12:13  Marine  
  172  12:19  Marauder x2  
  164  12:29  Widow Mine x2  
  162  12:37  Marine x2, Marauder  
  162  12:38  Marauder, Marine x2  
  162  12:42  Planetary Fortress  
  170  12:50  Widow Mine x2  
  170  12:51  Marauder x2, Marine x3  
  178  12:54  Marine  
  178  12:55  Marine  
  178  12:57  Terran Infantry Weapons Level 3  
  183  13:00  Marine x2  
  183  13:01  Marine  
  183  13:02  Marauder  
  188  13:12  Widow Mine x2  
  188  13:14  Marauder x2  
  188  13:17  Marine x2  
  188  13:18  Marine  
  189  13:20  Marine x2  
  189  13:23  Marine x2  
  193  13:33  Widow Mine x2  
  172  13:38  Terran Infantry Armor Level 3  
  172  13:39  Marauder x3, Marine  
  175  13:41  Marine x2  
  175  13:46  Marine x2  
  175  13:47  Marine  
  168  13:50  Medivac x2  
  168  13:51  Marine x2  
  168  13:52  Marine  
  168  13:54  Widow Mine x2  
  179  13:57  Marine  
  179  13:59  Marine  
  177  14:03  Marauder x2  
  181  14:11  Marauder  
  181  14:12  Marine x2  
  181  14:14  Marauder  
  181  14:16  Widow Mine x2  
  186  14:20  Marine x3  
  188  14:24  Marauder  
  188  14:28  Medivac x2  
  188  14:30  Marine x3  
  188  14:31  Marine  
  198  14:34  Command Center  
  198  14:37  Widow Mine  
  196  14:59  Marauder x2  
  198  15:00  Marauder  
  198  15:04  Marauder  
  198  15:05  Marine x2  
  198  15:06  Widow Mine  
  198  15:07  Widow Mine  
  179  15:08  Marine x2  
  168  15:14  Marine  
  168  15:15  Marine  
  168  15:17  Marine  
  168  15:19  Marine  
  168  15:20  Marine  
  168  15:21  Marauder  
  167  15:27  Marauder x2, Marine x2  
  167  15:28  Widow Mine x2  
  177  15:31  Medivac x2  
  177  15:33  Marine  
  177  15:34  Marine x2  
  184  15:39  Marauder  
  186  15:46  Marine  
  186  15:49  Widow Mine x2  
  186  15:50  Marine  
  186  15:54  Marine x2  
  181  16:01  Medivac x2  
  185  16:07  Marauder x3  
  185  16:11  Widow Mine x2, Marine x2  
  197  16:12  Marine x2  
  197  16:13  Marine  
  199  16:23  Planetary Fortress  
  195  16:31  Medivac x2  
  195  16:32  Widow Mine x2  
  198  16:37  Marauder  
  198  16:38  Marauder  
  198  16:39  Marauder  
  172  16:41  Marine x2  
  172  16:43  Marine x2  
  172  16:44  Marine x2  
  172  16:46  Ghost Academy  
  174  16:48  Marine  
  174  16:49  Marine  
  174  16:51  Marine  
  174  16:53  Widow Mine x2  
  175  17:01  Medivac x2  
  175  17:02  Marauder x2  
  175  17:04  Marauder  
  175  17:06  Marine x2  
  185  17:09  Marine x2  
  185  17:10  Marauder  
  185  17:11  Marine x2  
  185  17:13  Marine  
  185  17:14  Marine  
  185  17:15  Widow Mine x2  
  186  17:23  Marine x2  
  186  17:27  Ghost  
  186  17:28  Marine x2  
  186  17:29  Marine x2  
  188  17:30  Ghost  
  188  17:31  SCV  
  188  17:32  SCV, Marine x2  
  188  17:34  Refinery x2  
  188  17:36  Widow Mine x2  
  198  17:39  Marine  
  198  17:40  Marine  
  200  17:57  Refinery  
  200  17:58  Refinery  
  195  18:56  Ghost x2  
  195  18:57  Ghost  
  199  19:09  Command Center x2  
  199  19:13  Command Center  
  199  19:21  Ghost  
  197  19:25  Ghost x2  
  197  19:26  Ghost  
  194  19:32  Liberator  
  194  19:33  Liberator  
  183  19:49  Ghost  
  183  19:52  Marine  
  147  19:53  Ghost x2  
  147  19:54  Ghost  
  147  19:55  Marine x2  
  154  20:00  Marine x4  
  158  20:08  Marine  
  158  20:10  Marine  
  160  20:14  Orbital Command  
  160  20:15  Marine  
  160  20:16  Marine  
  160  20:18  Ghost  
  162  20:23  Orbital Command x2, Marauder x2, Missile Turret, Ghost  
  162  20:25  Orbital Command  
  168  20:31  Marine x2  
  168  20:32  Marine x3  
  173  20:41  Refinery  
  173  20:42  Refinery  
  173  20:43  Marine  
  173  20:44  Marine, Marauder x2  
  173  20:46  Ghost  
  173  20:48  Widow Mine x2  
  185  20:51  Ghost  
  186  21:05  Ghost  
  186  21:06  Marauder  
  186  21:07  Liberator  
  186  21:09  Marine x3  
  186  21:11  Marine x2  
  197  21:16  Marauder  
  194  21:27  Ghost  
  194  21:30  Marine  
  194  21:31  Marine x5  
  194  21:32  Marine  
  198  21:35  Marine  
Tags
 
Add a new tag
Caveats
  • Supply blocks, unpowered buildings, or Contaminate may cause inaccurate times.
  • Supply counts are checked every 10 seconds.